 Dungeon Crawl Stone Soup version 0.29.0-11-gd7f09526c8 (webtiles) character file.

Game seed: 3965770181743774373

7 Armakuni the Sneak (level 1, -2/18 HPs)
             Began as a Demigod Delver on Sept 2, 2022.
             Slain by an orc
             ... wielding a +0 short sword
              (3 damage)
             ... on level 5 of the Dungeon.
             The game lasted 00:01:19 (202 turns).

Armakuni the Sneak (Demigod Delver)                  Turns: 202, Time: 00:01:20

Health: -2/18      AC:  5    Str: 13    XL:     1   Next: 73%
Magic:  3/3        EV: 10    Int: 12    God:
Gold:   0          SH:  0    Dex: 15    Spells: 0/0 levels left

rFire   . . .      SeeInvis .   a - +0 mace (vamp)
rCold   . . .      Faith    .   (no shield)
rNeg    . . .      Spirit   .   j - +0 ring mail
rPois   .          Reflect  .   (no helmet)
rElec   .          Harm     .   (no cloak)
rCorr   .          Rampage  .   (no gloves)
Will    .....                   (no boots)
Stlth   ++........              (no amulet)
HPRegen 0.06/turn               (no ring)
MPRegen 0.08/turn               (no ring)

@: no status effects
A: high MP 1, forlorn, divine attributes
a: no special abilities


You were on level 5 of the Dungeon.
You visited 1 branch of the dungeon, and saw 2 of its levels.

Inventory:

Hand Weapons
 a - a +0 vampiric mace (weapon)
Armour
 j - a +0 ring mail (worn)
Wands
 k - a wand of digging (3)
Scrolls
 c - a scroll of fog
 e - a scroll of fear
Potions
 f - a potion of haste
 h - a potion of mutation {unknown}
 i - a potion of lignification {unknown}


   Skills:
 - Level 2.6 Fighting
 - Level 1.7(2.0) Maces & Flails
 + Level 1.4(1.9) Staves
 - Level 1.7 Dodging
 - Level 4.5 Stealth


You couldn't memorise any spells.
You didn't know any spells.
Your spell library was empty.

Dungeon Overview and Level Annotations

Branches:
Dungeon (6/15)
 Temple: D:4-7

Annotations:
D:5 Dowan, Duvessa


Innate Abilities, Weirdness & Mutations

You have an increased reservoir of magic. (+10% MP)
You shall have no god before yourself.
Your divine heritage dramatically boosts your attributes as you level up.


Message History

2 orcs come into view.
You close the door.
Unknown command.
As you open the door, it creaks loudly!
The orc shouts!
You hear a shout!
An orc comes into view. It is wielding a +0 mace.
The orc shouts!
The orc barely misses you.
There is an open door here.
You hit the orc but do no damage. The orc hits you but does no damage.
The orc barely misses you. The orc attacks as you move away!
The orc hits you but does no damage.
You hit the orc but do no damage. The orc barely misses you.
You hit the orc.
The orc is almost dead.
The orc misses you.
You hit the orc.
You kill the orc!
The orc barely misses you. The orc completely misses you.
You barely miss the orc. The orc hits you with a +0 mace.
The orc closely misses you.
You hit the orc but do no damage. The orc hits you but does no damage.
The orc hits you with a +0 short sword. The orc closely misses you.
The orc hits you with a +0 mace.
You hit the orc.
The orc is lightly wounded.
The orc hits you but does no damage. The orc hits you with a +0 short sword.
You are too injured to fight recklessly!
You are too injured to fight recklessly!
You are too injured to fight recklessly!
You hit the orc.
You feel better.
Your punch misses the orc.
The orc is moderately wounded.
The orc hits you with a +0 mace. The orc misses you.
You closely miss the orc.
The orc is moderately wounded.
The orc hits you with a +0 mace.
* * * LOW HITPOINT WARNING * * *
The orc hits you but does no damage. The orc attacks as you move away!
The orc hits you but does no damage. The orc hits you with a +0 short sword.
You die...

#.........#...#,,,,.....
#.........#####***,,####
######.....#,,****,,##.#
#.....#,,,,,,,.....
#.....#,,,,,,,.....
#.....#,,,,,,,.....
#.....#,,,,,,,.!...
#.....#,,,,,,,.....
#.@...#,,,,,,,.^...
######oo)..#******,....#
#.....#'####*,,,**,>...*
#.....#.....#,,,+,,,,,,.
#.....#.....#,,,*,,,,...
#.....#.....+,,,*,,,,...
#..[..#######,,,*****###
####+##**,,**,,,**,,,,**
*,<..,,,,,,,,,,,*,,,,,,


You could see 2 orcs.

Vanquished Creatures
  An ufetubus (D:5)
  An orc (D:5)
2 creatures vanquished.

Notes
Turn   | Place    | Note
-------+----------+-------------------------------------------
     0 | D:5      | Armakuni the Demigod Delver began the quest for the Orb.
     0 | D:5      | Reached XP level 1. HP: 18/18 MP: 3/3
    10 | D:5      | Noticed a scorpion
    22 | D:6      | Noticed a hound
    22 | D:6      | Noticed an orc wizard
    35 | D:5      | Noticed an iguana
    85 | D:5      | Noticed a centaur
   124 | D:5      | Reached skill level 1 in Staves
   180 | D:5      | Noticed Duvessa
   180 | D:5      | Noticed Dowan
   202 | D:5      | Slain by an orc

Illustrated notes

Levels and vault maps discovered:
D:5:      layout_gridville, uniq_edmund, uniq_prince_ribbit1, uniq_duvessa
D:6:      layout_loops_cross, mainiacjoe_overflow_surrounded_room, serial_shops,
          shop

Skill      XL: |  1 |
---------------+----+-----
Staves         | 1 |  1.4
Fighting       | |  2.6
Maces & Flails | |  1.7
Dodging        | |  1.7
Stealth        | |  4.5

Action                   || total
-------------------------++-------
Melee: Mace              ||    11
  Use: Scroll            ||     2
Armor: Ring mail         ||     6
       Leather armour    ||     1
Dodge: Dodged            ||    14
